| TOP OF THE 1ST |
|
New Hampshire Fisher Cats batting - Pitching for Erie SeaWolves : RHP Jason Mucci
|
|
Pitching: RHP Jason Mucci
|
|
|
Batting: SHB Spencer Jones
|
0-0: Called Strike 0-1: Foul Ball, location: 2F 0-2: Foul Ball, location: 2F 0-2: Ball 1-2: Strikes out swinging
|
|
Batting: LHB Sumiki Okuhara
|
0-0: Called Strike 0-1: Swinging Strike 0-2: Ball 1-2: Foul Ball, location: 2F 1-2: Strikes out swinging
|
|
Batting: LHB Ray Whitehead
|
0-0: Swinging Strike 0-1: Ball 1-1: Called Strike 1-2: Ball 2-2: Foul Ball, location: 2F 2-2: Foul Ball, location: 2F 2-2: Ball 3-2: SINGLE (Groundball, 4MS, EV 68.1 MPH) (infield hit)
|
|
Batting: RHB Nikita Schram
|
0-0: Ball Ray Whitehead is caught stealing 2nd base 2-4
|
| Top of the 1st over - 0 runs, 1 hit, 0 errors, 0 left on base; New Hampshire 0 - Erie 0 |
| BOTTOM OF THE 1ST |
|
Erie SeaWolves batting - Pitching for New Hampshire Fisher Cats : RHP Cody Walsh
|
|
Pitching: RHP Cody Walsh
|
|
|
Batting: LHB Freddy Troncoso
|
0-0: Swinging Strike 0-1: Swinging Strike 0-2: Foul Ball, location: 2F 0-2: Ball 1-2: Strikes out looking
|
|
Batting: LHB Adam Lancaster
|
0-0: Called Strike 0-1: Ball 1-1: Ground out 4-3 (Groundball, 4D, EV 104.4 MPH)
|
|
Batting: RHB Steve Clark
|
0-0: Called Strike 0-1: Ball 1-1: Ground out 6-3 (Groundball, 6, EV 84.4 MPH)
|
| Bottom of the 1st over - 0 runs, 0 hits, 0 errors, 0 left on base; New Hampshire 0 - Erie 0 |
| TOP OF THE 2ND |
|
New Hampshire Fisher Cats batting - Pitching for Erie SeaWolves : RHP Jason Mucci
|
|
Batting: RHB Nikita Schram
|
0-0: Called Strike 0-1: Ball 1-1: Called Strike 1-2: Strikes out swinging
|
|
Batting: RHB Greg Callaghan
|
0-0: Called Strike 0-1: Ball 1-1: Ground out 6-3 (Groundball, 6, EV 98.8 MPH)
|
|
Batting: RHB Porter Welsh
|
0-0: Called Strike 0-1: Called Strike 0-2: Ball 1-2: Fly out, F8 (Flyball, 8RXD, EV 98.1 MPH)
|
| Top of the 2nd over - 0 runs, 0 hits, 0 errors, 0 left on base; New Hampshire 0 - Erie 0 |
| BOTTOM OF THE 2ND |
|
Erie SeaWolves batting - Pitching for New Hampshire Fisher Cats : RHP Cody Walsh
|
|
Batting: RHB Jordan Mejias
|
0-0: Ball 1-0: Ball 2-0: Called Strike 2-1: Foul Ball, location: 2F 2-2: Ball 3-2: Strikes out looking
|
|
Batting: LHB Takuya Uchida
|
0-0: Called Strike 0-1: Foul Ball, location: 2F 0-2: Ball 1-2: Strikes out swinging
|
|
Batting: RHB Dan Becvar
|
0-0: Ball 1-0: Foul Ball, location: 2F 1-1: Called Strike 1-2: SINGLE (Groundball, 34S, EV 73.1 MPH) (infield hit)
|
|
Batting: LHB Oscar Gonzalez
|
0-0: Fly out, F9 (Flyball, 89S, EV 88.8 MPH)
|
| Bottom of the 2nd over - 0 runs, 1 hit, 0 errors, 1 left on base; New Hampshire 0 - Erie 0 |
| TOP OF THE 3RD |
|
New Hampshire Fisher Cats batting - Pitching for Erie SeaWolves : RHP Jason Mucci
|
|
Batting: SHB Justin Veatch
|
0-0: Ball 1-0: Ground out 1-3 (Groundball, 13, EV 72.5 MPH)
|
|
Batting: RHB Dan Hilyer
|
0-0: Foul Ball, location: 2F 0-1: Ball 1-1: Swinging Strike 1-2: Ball 2-2: Strikes out swinging
|
|
Batting: RHB Nick Wicker
|
0-0: Ball 1-0: SINGLE (Groundball, 56D, EV 100.0 MPH)
|
|
Pitching: LHP Jim Daum
|
|
|
Batting: SHB Spencer Jones
|
0-0: Ball 1-0: Swinging Strike 1-1: Ball 2-1: Fly out, F7 (Line Drive, 78S, EV 91.9 MPH)
|
| Top of the 3rd over - 0 runs, 1 hit, 0 errors, 1 left on base; New Hampshire 0 - Erie 0 |
| BOTTOM OF THE 3RD |
|
Erie SeaWolves batting - Pitching for New Hampshire Fisher Cats : RHP Cody Walsh
|
|
Batting: RHB Yaremka Rzhevsky
|
0-0: Ball 1-0: Foul Ball, location: 2F 1-1: Ground out 4-3 (Groundball, 4MD, EV 109.4 MPH)
|
|
Batting: RHB Vince Chipman
|
0-0: Called Strike 0-1: Ball 1-1: Foul Ball, location: 2F 1-2: Ball 2-2: Foul Ball, location: 2F 2-2: Ground out 2-3 (Groundball, 15S, EV 61.2 MPH)
|
|
Batting: LHB Freddy Troncoso
|
0-0: Ball 1-0: Swinging Strike 1-1: Swinging Strike 1-2: Strikes out swinging
|
| Bottom of the 3rd over - 0 runs, 0 hits, 0 errors, 0 left on base; New Hampshire 0 - Erie 0 |
| TOP OF THE 4TH |
|
New Hampshire Fisher Cats batting - Pitching for Erie SeaWolves : LHP Jim Daum
|
|
Batting: LHB Sumiki Okuhara
|
0-0: Called Strike 0-1: Ball 1-1: Ball 2-1: Fly out, F8 (Line Drive, 8RM, EV 94.4 MPH)
|
|
Batting: LHB Ray Whitehead
|
0-0: Called Strike 0-1: Ball 1-1: Ball 2-1: Foul Ball, location: 2F 2-2: SINGLE (Groundball, 4D, EV 106.9 MPH)
|
|
Batting: RHB Nikita Schram
|
0-0: Ball Ray Whitehead is caught stealing 2nd base 2-4 1-0: Swinging Strike 1-1: Swinging Strike 1-2: Strikes out swinging
|
| Top of the 4th over - 0 runs, 1 hit, 0 errors, 0 left on base; New Hampshire 0 - Erie 0 |
| BOTTOM OF THE 4TH |
|
Erie SeaWolves batting - Pitching for New Hampshire Fisher Cats : RHP Cody Walsh
|
|
Batting: LHB Adam Lancaster
|
0-0: Ball 1-0: Swinging Strike 1-1: Swinging Strike 1-2: Strikes out swinging
|
|
Batting: RHB Steve Clark
|
0-0: Foul Ball, location: 2F 0-1: Called Strike 0-2: Foul Ball, location: 2F 0-2: Ball 1-2: Strikes out swinging
|
|
Batting: RHB Jordan Mejias
|
0-0: Fly out, F8 (Flyball, 8LXD, EV 101.9 MPH)
|
| Bottom of the 4th over - 0 runs, 0 hits, 0 errors, 0 left on base; New Hampshire 0 - Erie 0 |
| TOP OF THE 5TH |
|
New Hampshire Fisher Cats batting - Pitching for Erie SeaWolves : LHP Jim Daum
|
|
Batting: RHB Greg Callaghan
|
0-0: Foul Ball, location: 2F 0-1: Ball 1-1: Ground out 6-3 (Groundball, 4MD, EV 105.6 MPH)
|
|
Batting: RHB Porter Welsh
|
0-0: Called Strike 0-1: Ground out 6-3 (Groundball, 6, EV 95.0 MPH)
|
|
Batting: SHB Justin Veatch
|
0-0: Called Strike 0-1: Ball 1-1: Ground out 5-3 (Groundball, 5, EV 81.9 MPH)
|
| Top of the 5th over - 0 runs, 0 hits, 0 errors, 0 left on base; New Hampshire 0 - Erie 0 |
| BOTTOM OF THE 5TH |
|
Erie SeaWolves batting - Pitching for New Hampshire Fisher Cats : RHP Cody Walsh
|
|
Batting: LHB Takuya Uchida
|
0-0: Ball 1-0: Ground out U3 (Groundball, 34, EV 101.2 MPH)
|
|
Batting: RHB Dan Becvar
|
0-0: Ball 1-0: Foul Ball, location: 2F 1-1: Foul Ball, location: 2F 1-2: Strikes out swinging
|
|
Batting: LHB Oscar Gonzalez
|
0-0: Ball 1-0: Ball 2-0: Ball 3-0: Base on Balls
|
|
Batting: RHB Yaremka Rzhevsky
|
0-0: Called Strike 0-1: Called Strike 0-2: Fielders Choice at 2nd, 5-4 (Groundball, 5L, EV 90.0 MPH)
|
| Bottom of the 5th over - 0 runs, 0 hits, 0 errors, 1 left on base; New Hampshire 0 - Erie 0 |
| TOP OF THE 6TH |
|
New Hampshire Fisher Cats batting - Pitching for Erie SeaWolves : LHP Jim Daum
|
|
Batting: RHB Dan Hilyer
|
0-0: Ball 1-0: Ground out 5-3 (Groundball, 56, EV 111.9 MPH)
|
|
Batting: RHB Nick Wicker
|
0-0: Called Strike 0-1: Ground out 4-3 (Groundball, 4S, EV 88.8 MPH)
|
|
Batting: SHB Spencer Jones
|
0-0: Ground out 4-3 (Groundball, 34, EV 95.6 MPH)
|
| Top of the 6th over - 0 runs, 0 hits, 0 errors, 0 left on base; New Hampshire 0 - Erie 0 |
| BOTTOM OF THE 6TH |
|
Erie SeaWolves batting - Pitching for New Hampshire Fisher Cats : RHP Cody Walsh
|
|
Batting: RHB Vince Chipman
|
0-0: Ball 1-0: Foul Ball, location: 2F 1-1: Called Strike 1-2: Strikes out swinging
|
|
Batting: LHB Freddy Troncoso
|
0-0: Ball 1-0: Called Strike 1-1: Ball 2-1: Swinging Strike 2-2: Strikes out looking
|
|
Batting: LHB Adam Lancaster
|
0-0: Ground out 4-3 (Groundball, 4M, EV 86.9 MPH)
|
| Bottom of the 6th over - 0 runs, 0 hits, 0 errors, 0 left on base; New Hampshire 0 - Erie 0 |
| TOP OF THE 7TH |
|
New Hampshire Fisher Cats batting - Pitching for Erie SeaWolves : LHP Jim Daum
|
|
Pitching: RHP Bryan Hallman
|
|
|
Batting: LHB Sumiki Okuhara
|
0-0: Foul Ball, location: 2F 0-1: Called Strike 0-2: Ball 1-2: Ground out U3 (Groundball, 3, EV 104.4 MPH)
|
|
Batting: LHB Ray Whitehead
|
0-0: Ball 1-0: Called Strike 1-1: Ball 2-1: SINGLE (Groundball, 34D, EV 100.6 MPH)
|
|
Batting: RHB Nikita Schram
|
|
|
Batting: LHB Rodrigo Briceno
|
0-0: Ball Ray Whitehead is caught stealing 2nd base 2-6 1-0: Ball 2-0: Ground out 3-1 (Groundball, 34S, EV 86.2 MPH)
|
| Top of the 7th over - 0 runs, 1 hit, 0 errors, 0 left on base; New Hampshire 0 - Erie 0 |
| BOTTOM OF THE 7TH |
|
Erie SeaWolves batting - Pitching for New Hampshire Fisher Cats : RHP Cody Walsh
|
|
Batting: RHB Steve Clark
|
0-0: Swinging Strike 0-1: Ball 1-1: Foul Ball, location: 2F 1-2: Foul Ball, location: 2F 1-2: Ball 2-2: SINGLE (Groundball, 6MD, EV 99.4 MPH)
|
|
Batting: RHB Jordan Mejias
|
0-0: Swinging Strike 0-1: Ball 1-1: Fielders Choice at 2nd, 6-4 (Groundball, 56, EV 107.5 MPH)
|
|
Batting: LHB Takuya Uchida
|
0-0: Ball 1-0: Ball 2-0: Ball 3-0: Called Strike 3-1: Called Strike 3-2: Foul Ball, location: 2F 3-2: Foul Ball, location: 2F 3-2: Foul Ball, location: 2F 3-2: SINGLE (Groundball, 34D, EV 95.0 MPH) Jordan Mejias to second Runner from 2nd tries for 3rd, SAFE, throw by RF made to third
|
|
Batting: RHB Dan Becvar
|
0-0: Ball 1-0: Fielders Choice at 2nd, 4-6 (Groundball, 34, EV 81.2 MPH) Jordan Mejias scores
|
|
Batting: LHB Oscar Gonzalez
|
0-0: Ball 1-0: Called Strike 1-1: Foul Ball, location: 2F 1-2: Ball 2-2: Fly out, F8 (Flyball, 8LM, EV 82.5 MPH)
|
| Bottom of the 7th over - 1 run, 2 hits, 0 errors, 1 left on base; New Hampshire 0 - Erie 1 |
| TOP OF THE 8TH |
|
New Hampshire Fisher Cats batting - Pitching for Erie SeaWolves : RHP Bryan Hallman
|
|
Batting: RHB Greg Callaghan
|
0-0: Ball 1-0: Ball 2-0: Called Strike 2-1: Called Strike 2-2: Ball 3-2: Fly out, F8 (Flyball, 8LXD, EV 99.4 MPH)
|
|
Batting: RHB Porter Welsh
|
0-0: Called Strike 0-1: Ball 1-1: Swinging Strike 1-2: Ball 2-2: Ball 3-2: SINGLE (Groundball, 6D, EV 95.0 MPH)
|
|
Batting: SHB Justin Veatch
|
0-0: Foul Ball, location: 2F 0-1: Swinging Strike 0-2: Ball 1-2: Fielders Choice at 2nd, 6-4 (Groundball, 6M, EV 102.5 MPH)
|
|
Pinch Hitting: SHB Eduardo Maldonado
|
0-0: Called Strike 0-1: Ball 1-1: Swinging Strike 1-2: Strikes out swinging
|
| Top of the 8th over - 0 runs, 1 hit, 0 errors, 1 left on base; New Hampshire 0 - Erie 1 |
| BOTTOM OF THE 8TH |
|
Erie SeaWolves batting - Pitching for New Hampshire Fisher Cats : RHP Cody Walsh
|
|
Pitching: RHP Andy Lee
|
|
|
Now in RF: Jorge Baret
|
|
|
Batting: RHB Yaremka Rzhevsky
|
0-0: Ball 1-0: Called Strike 1-1: Foul Ball, location: 2F 1-2: Ball 2-2: Strikes out swinging
|
|
Batting: RHB Vince Chipman
|
0-0: Ball 1-0: Foul Ball, location: 2F 1-1: Foul Ball, location: 2F 1-2: Foul Ball, location: 2F 1-2: SINGLE (Groundball, 6D, EV 110.0 MPH)
|
|
Batting: LHB Freddy Troncoso
|
0-0: Swinging Strike 0-1: Ball 1-1: Ball 2-1: Called Strike 2-2: Fly out, F8 (Flyball, 8LM, EV 80.0 MPH)
|
|
Batting: LHB Adam Lancaster
|
0-0: Ball 1-0: Ground out U3 (Groundball, 34, EV 100.6 MPH)
|
| Bottom of the 8th over - 0 runs, 1 hit, 0 errors, 1 left on base; New Hampshire 0 - Erie 1 |
| TOP OF THE 9TH |
|
New Hampshire Fisher Cats batting - Pitching for Erie SeaWolves : RHP Bryan Hallman
|
|
Pitching: RHP Stacey Kerssies
|
|
|
Now in LF: Ken DiFerdinando
|
|
|
Batting: RHB Nick Wicker
|
0-0: Called Strike 0-1: Called Strike 0-2: Ball 1-2: Strikes out swinging
|
|
Batting: SHB Spencer Jones
|
0-0: Called Strike 0-1: Called Strike 0-2: Ball 1-2: Strikes out swinging
|
|
Batting: LHB Sumiki Okuhara
|
0-0: Foul Ball, location: 2F 0-1: SINGLE (Flyball, 89S, EV 84.4 MPH)
|
|
Batting: LHB Ray Whitehead
|
0-0: Ball 1-0: Ball 2-0: Foul Ball, location: 2F 2-1: Foul Ball, location: 2F 2-2: Foul Ball, location: 2F 2-2: Fly out, F8 (Flyball, 8RXD, EV 104.4 MPH)
|
| Top of the 9th over - 0 runs, 1 hit, 0 errors, 1 left on base; New Hampshire 0 - Erie 1 |
|